 Dungeon Crawl Stone Soup version 0.18.1-6-gd335043 (webtiles) character file.

1521 M4edhros the Spear-Bearer (level 9, 0/64 HPs)
             Began as a Formicid Fighter on May 20, 2016.
             Was a Follower of Dithmenos.
             Succumbed to an adder's poison
             ... on level 7 of the Dungeon.
             The game lasted 00:06:53 (4953 turns).

M4edhros the Spear-Bearer (Formicid Fighter)        Turns: 4953, Time: 00:06:54

Health: 0/64       AC: 12    Str: 21      XL:     9   Next: 10%
Magic:  18/18      EV:  4    Int:  8      God:    Dithmenos [*.....]
Gold:   223        SH: 12    Dex: 11 (13) Spells: 0 memorised, 8 levels left

rFire  . . .     SeeInvis +     d - +1 short sword (venom)
rCold  . . .     Gourm    .     D - +0 plate armour
rNeg   . . .     Faith    .     c - +0 shield
rPois  .         Spirit   .     (helmet unavailable)
rElec  .         Dismiss  .     (no cloak)
rCorr  .         Reflect  +     A - +0 pair of gloves
SustAt .         Harm     .     (no boots)
MR     +....                    l - +3 amulet of reflection
Stlth  ..........               n - ring of magical power
                                x - ring of protection from magic

@: lethally poisoned (0 -> -2), wreathed by umbra, somewhat resistant to hostile
enchantments, extremely unstealthy
A: permanent stasis, dig shafts and tunnels, four strong arms, antennae 3
a: Dig, Shaft Self, Renounce Religion


You were on level 7 of the Dungeon.
You worshipped Dithmenos.
Dithmenos was aware of your devotion.
You were not hungry.

You visited 2 branches of the dungeon, and saw 7 of its levels.
You also visited: Sewer.

You collected 223 gold pieces.

Inventory:

Hand Weapons
 a - a +0 trident
 d - a +1 short sword of venom (weapon)
Armour
 c - a +0 shield (worn)
 t - a +1 leather armour of poison resistance
 A - a +0 pair of gloves (worn)
 D - a +0 plate armour (worn)
Jewellery
 i - a +2 ring of intelligence
 l - a +3 amulet of reflection (around neck)
 n - a ring of magical power (right hand)
 w - an uncursed ring of stealth
 x - a ring of protection from magic (left hand)
Wands
 q - a wand of flame (25/48)
Scrolls
 e - 2 scrolls of fear {unknown}
 g - 4 scrolls of remove curse {unknown}
 h - a scroll of amnesia {unknown}
 j - 7 scrolls of identify {unknown}
 m - a scroll of enchant armour {unknown}
 p - a scroll of fog {unknown}
 s - 2 scrolls of enchant weapon {unknown}
 y - a scroll of teleportation {unknown}
 B - a scroll of noise {unknown}
Potions
 k - 2 potions of flight
 o - a potion of haste
Comestibles
 f - 3 bread rations
 u - 2 fruits
 v - a meat ration
 z - 3 chunks of flesh


   Skills:
 - Level 3.2 Fighting
 + Level 10.8 Polearms
 - Level 3.2 Armour
 - Level 3.6 Shields


You had 8 spell levels left.
You didn't know any spells.

Dungeon Overview and Level Annotations

Branches:
Dungeon (5/15)             Temple (1/1) D:4

Altars:
Ashenzari
Cheibriados
Dithmenos
Fedhas
Gozag
Kikubaaqudgha
Nemelex Xobeh
Okawaru
Pakellas
Ru
Sif Muna
Yredelemnul
The Shining One


Innate Abilities, Weirdness & Mutations

You are under a permanent stasis effect.
You can dig through walls and to a lower floor.
Your four strong arms can wield two-handed weapons with a shield.
You have a pair of large antennae on your head (SInv).


Message History

* * * LOW HITPOINT WARNING * * *
You feel sick.
* * * LOW HITPOINT WARNING * * *
You feel sick.
Found a buckler.
* * * LOW HITPOINT WARNING * * *
You feel sick.
You see here a fuming dark potion.
b - a fuming dark potion
* * * LOW HITPOINT WARNING * * *
You feel sick.
Drink which item? (? for menu, Esc to quit)
It was a potion of cancellation.
You feel magically purged.
* * * LOW HITPOINT WARNING * * *
You feel sick.
* * * LOW HITPOINT WARNING * * *
You feel sick.
* * * LOW HITPOINT WARNING * * *
You feel sick.
You die...

#..[... #..... ###..... {
...... { ....
#######.#########
.................
#.########.########.....
#.....>@.......... .....
......#####.#########....
..... #####........##....
.... #............##....
... #....<.......##....
.. #............##.... .
#..................
{#...............#..
#......†####....#..


There were no monsters in sight!

Vanquished Creatures
  A kobold demonologist (Sewer)
  Grinder (Sewer)
  A big kobold (Sewer)
  Dowan (D:4)
  2 scorpions (D:4)
  6 killer bees (D:7)
  A howler monkey (D:4)
  A giant frog zombie (D:7)
  A quasit (Sewer)
  Natasha (D:3)
  4 worker ants
  Terence (D:3)
  4 big kobold zombies (Sewer)
  7 adders
  2 shadow imps (Sewer)
  8 ufetubi (Sewer)
  2 worms
  4 dart slugs
  A giant gecko (D:4)
  An orc (D:7)
  A ball python (D:4)
  5 bats
  5 giant cockroaches
  7 goblins
  7 hobgoblins
  4 jackals (D:1)
  20 kobolds
  3 quokkas
  5 giant newts
  A jackal skeleton (D:4)
  A kobold zombie (Sewer)
  4 rats
113 creatures vanquished.

Vanquished Creatures (others)
  Duvessa (D:4)
  An ooze (Sewer)
  A kobold zombie (Sewer)
3 creatures vanquished.

Grand Total: 116 creatures vanquished

Notes
Turn   | Place    | Note
--------------------------------------------------------------
     0 | D:1      | M4edhros the Formicid Fighter began the quest for the Orb.
     0 | D:1      | Reached XP level 1. HP: 18/18 MP: 1/1
   116 | D:1      | Reached XP level 2. HP: 22/24 MP: 2/2
   245 | D:1      | Reached skill level 3 in Polearms
   372 | D:1      | Reached XP level 3. HP: 29/29 MP: 3/3
   817 | D:3      | Noticed Terence
   829 | D:3      | Killed Terence
   829 | D:3      | Reached skill level 4 in Polearms
   829 | D:3      | Reached XP level 4. HP: 29/35 MP: 4/4
   959 | D:3      | Found a glowing drain.
   974 | Sewer    | Entered a sewer
  1220 | Sewer    | Reached XP level 5. HP: 34/41 MP: 5/5
  1387 | Sewer    | Reached skill level 5 in Polearms
  1420 | Sewer    | Found a burning altar of Makhleb.
  1450 | Sewer    | Gained mutation: Your mind is acute. (Int +2) [potion of mutation]
  1450 | Sewer    | Gained mutation: You are resistant to hostile enchantments. [potion of mutation]
  1450 | Sewer    | Gained mutation: Your muscles are strong. (Str +2) [potion of mutation]
  1511 | Sewer    | Noticed a big kobold
  1526 | Sewer    | Reached XP level 6. HP: 27/47 MP: 6/6
  1552 | Sewer    | Reached skill level 6 in Polearms
  1577 | Sewer    | Noticed an apprentice kobold demonologist
  1592 | Sewer    | Killed an apprentice kobold demonologist
  1592 | Sewer    | Reached skill level 7 in Polearms
  1592 | Sewer    | Reached XP level 7. HP: 14/52 MP: 7/7
  1777 | Sewer    | Noticed Grinder
  1802 | Sewer    | Killed Grinder
  1802 | Sewer    | Reached skill level 8 in Polearms
  1802 | Sewer    | Reached XP level 8. HP: 17/58 MP: 8/8
  2341 | D:4      | Found a staircase to the Ecumenical Temple.
  2347 | Temple   | Entered the Ecumenical Temple
  2373 | Temple   | Became a worshipper of Dithmenos the Shadowed
  2402 | D:4      | Reached skill level 9 in Polearms
  3702 | D:3      | Noticed Natasha
  3714 | D:3      | Killed Natasha
  3837 | D:4      | Noticed Duvessa
  3840 | D:4      | Noticed Dowan
  4041 | D:5      | Entered Level 5 of the Dungeon
  4219 | D:4      | Killed Duvessa
  4243 | D:4      | Killed Dowan
  4484 | D:4      | Reached skill level 10 in Polearms
  4492 | D:4      | You fall through a shaft for 3 floors!
  4492 | D:7      | Found an oddly glowing altar of Pakellas.
  4492 | D:7      | Found an iron altar of Okawaru.
  4492 | D:7      | Found a shattered altar of Ashenzari.
  4492 | D:7      | Found a glowing golden altar of the Shining One.
  4492 | D:7      | Found a sparkling altar of Nemelex Xobeh.
  4829 | D:7      | Found a deep blue altar of Sif Muna.
  4892 | D:7      | Lost mutation: Your mind is acute. (Int +2) [potion of cure mutation]
  4892 | D:7      | Lost mutation: Your muscles are strong. (Str +2) [potion of cure mutation]
  4892 | D:7      | Lost mutation: You are resistant to hostile enchantments. [potion of cure mutation]
  4899 | D:7      | Reached * piety under Dithmenos
  4915 | D:7      | Reached XP level 9. HP: 15/64 MP: 9/9
  4947 | D:7      | HP: 3/64 [poisoned by an adder]
  4951 | D:7      | HP: 1/64 [poisoned by an adder]
  4953 | D:7      | Succumbed to an adder's poison

Skill      XL: |  1  2  3  4  5  6  7  8 |
---------------+-------------------------+-----
Polearms       | 3 4 5 7 8 10 | 10.8
Fighting       | |  3.2
Armour         | |  3.2
Shields        | |  3.6

Action                   |  1- 3 |  4- 6 |  7- 9 || total
-------------------------+-------+-------+-------++-------
Melee: Trident           |   118 |   185 |   226 ||   529
       Short sword       |       |       |    83 ||    83
 Abil: Shaft Self        |       |       |     1 ||     1
  Use: Potion            |       |     5 |    11 ||    16
 Stab: Invisible         |       |       |     2 ||     2
  Eat: Chunk             |       |     3 |     3 ||     6
       Meat ration       |       |       |     1 ||     1
       Bread ration      |       |       |     1 ||     1
       Beef jerky        |       |       |     1 ||     1
Armor: Scale mail        |    39 |   110 |    58 ||   207
       Plate armour      |       |       |    64 ||    64
       Skin              |       |       |     7 ||     7
Dodge: Dodged            |    23 |    87 |    76 ||   186
Block: Shield            |    38 |   189 |   194 ||   421
       Reflection        |       |     5 |     6 ||    11
